 Dungeon Crawl Stone Soup version 0.30-a0-782-ge64f9170bb (webtiles) character file.

Game seed: 16644971970597038715

8579 Crownlay the Geomancer (level 11, -2/66 HPs)
             Began as a Gargoyle Earth Elementalist on Mar 4, 2023.
             Was an Initiate of Gozag.
             Slain by a two-headed ogre
             ... wielding a +0 giant club
              (25 damage)
             ... on level 11 of the Dungeon.
             The game lasted 00:19:50 (10741 turns).

Crownlay the Geomancer (GrEE)                      Turns: 10741, Time: 00:19:50

Health: -2/66      AC: 12    Str: 12    XL:     11   Next: 33%
Magic:  19/25      EV: 12    Int: 20    God:    Gozag
Gold:   1956       SH:  0    Dex: 16    Spells: 26/30 levels left

rFire   . . .      SeeInvis +    D - +2 spear (venom)
rCold   . . .      Faith    .    (no shield)
rNeg    + . .      Spirit   .    a - +0 robe
rPois   ∞          Reflect  .    o - +0 hat
rElec   +          Harm     .    C - +0 cloak
rCorr   .          Rampage  .    i - +0 pair of gloves
Will    .....                    (no boots)
Stlth   ++                       (no amulet)
HPRegen 0.31/turn                h - +6 ring of dexterity
MPRegen 0.19/turn                t - ring of see invisible

@: no status effects
A: sickness immunity, AC +8, negative energy resistance 1, electricity
resistance, torment resistance 1, petrification resistance
a: Renounce Religion, Potion Petition, Call Merchant, Bribe Branch


You were on level 11 of the Dungeon.
You worshipped Gozag.
Gozag was most pleased with you.
You visited 1 branch of the dungeon, and saw 12 of its levels.

You collected 2048 gold pieces.
You paid 92 gold pieces to Gozag.

Inventory:

Hand Weapons
 D - a +2 spear of venom (weapon)
Armour
 a - a +0 robe (worn)
 i - a +0 pair of gloves (worn)
 o - a +0 hat (worn)
 C - a +0 cloak (worn)
Magical Staves
 B - a staff of cold
Jewellery
 c - a ring of fire
 h - a +6 ring of dexterity (left hand)
 t - a ring of see invisible (right hand)
 y - a ring of protection from cold
Wands
 z - a wand of roots (5)
 I - a wand of mindburst (9)
Scrolls
 e - 4 scrolls of fog
 f - a scroll of magic mapping {unknown}
 j - 5 scrolls of enchant armour
 k - 9 scrolls of teleportation
 l - 3 scrolls of poison
 q - 2 scrolls of silence
 v - 3 scrolls of vulnerability
 x - a scroll of butterflies
 H - 2 scrolls of blinking
Potions
 b - 2 potions of magic
 d - 2 potions of heal wounds
 g - 6 potions of curing
 m - 2 potions of berserk rage
 n - a potion of mutation
 p - 2 potions of invisibility
 r - 2 potions of attraction {unknown}
 s - 3 potions of brilliance
 u - 2 potions of haste {unknown}
 w - a potion of flight {unknown}
 A - 2 potions of resistance
 E - a potion of might {unknown}
 G - 2 potions of lignification
 J - a potion of experience {unknown}


   Skills:
 * Level 6.4 Fighting
 - Level 1.5 Dodging
 - Level 2.1 Stealth
 - Level 10.0 Spellcasting
 - Level 6.0 Conjurations
 + Level 4.9 Summonings
 - Level 0.7 Transmutations
 - Level 12.0 Earth Magic


You had 26 spell levels left.
You knew the following spells:

 Your Spells              Type           Power      Damage    Failure   Level
a - Sandblast             Erth           100%       2d20      1%          1
b - Stone Arrow           Conj/Erth      92%        3d12      1%          3

Your spell library contained the following spells:

 Spells                   Type           Power      Damage    Failure   Level
 Kiss of Death            Conj/Necr      88%        2d12      1%          1
 Summon Small Mammal      Summ           100%       N/A       1%          1
 Passwall                 Tmut/Erth      29%        N/A       1%          2
 Petrify                  Tmut/Erth      35%        N/A       4%          4
 Apportation              Tloc           20%        N/A       7%          1
 Necrotise                Necr           40%        1d6       7%          1
 Ensorcelled Hibernation  Hex/Ice        20%        N/A       11%         2
 Scorch                   Fire           20%        2d6       11%         2
 Ignite Poison            Fire/Tmut/Pois 10%        N/A       19%         3
 Confusing Touch          Hex            10%        N/A       21%         3
 Kindle Blastsparks       Fire/Tloc/Air  20%        2d11      21%         3
 Swiftness                Air            10%        N/A       21%         3
 Flame Wave               Conj/Fire      22%        2d8       21%         4
 Anguish                  Hex/Necr       5%         N/A       56%         4
 Dispel Undead            Necr           10%        3d9       56%         4
 Freezing Cloud           Conj/Ice/Air   9%         6-21      63%         5
 Summon Cactus Giant      Summ           14%        N/A       82%         6
 Death Channel            Necr           5%         N/A       100%        6
 Enfeeble                 Hex            5%         N/A       100%        7
 Cigotuvi's Dreadful Rot  Necr/Pois/Air  Unusable   N/A       N/A         2

Dungeon Overview and Level Annotations

Branches:
Dungeon (12/15)            Temple (0/1) D:4            Lair (0/5) D:9
    Orc (0/2) D:10

Altars:
Cheibriados
Gozag
Okawaru
Sif Muna
Zin

Shops:
D:1 :   D:7 ([=


Innate Abilities, Weirdness & Mutations

You are immune to sickness and miasma.
Your stone body is resilient. (AC +8)
You are immune to poison.
You resist negative energy. (rN+)
You are resistant to electric shocks. (rElec)
You are resistant to unholy torment.
You are immune to petrification.


Message History

Your Fighting skill increases to level 6!
You now have 1926 gold pieces (gained 16).
v - 3 scrolls of vulnerability (gained 1)
Things that are here:
a +0 spear; a +0 robe You open the door.
There is an open door here.
There is an open door here.
You now have 1956 gold pieces (gained 30).
You see here 5 large rocks.
e - 4 scrolls of fog (gained 1)
Found an escape hatch in the ceiling.
You open the door.
There is an open door here.
A two-headed ogre comes into view. It is wielding two +0 giant clubs.
Found a war axe.
The two-headed ogre shouts in stereo!
You can't see any susceptible monsters within range! (Use Z to cast anyway.)
You can't see any susceptible monsters within range! (Use Z to cast anyway.)
The blast of sand misses the two-headed ogre.
The blast of sand hits the two-headed ogre!
The two-headed ogre is moderately wounded.
The blast of sand hits the two-headed ogre!!
The two-headed ogre is severely wounded.
The two-headed ogre hits you with a +0 giant club!
The two-headed ogre hits you but does no damage.
The blast of sand hits the two-headed ogre.
The two-headed ogre is severely wounded.
The two-headed ogre hits you with a +0 giant club! x2
You are too injured to fight recklessly!
Casting: Sandblast (safe; 1% risk of failure)
Confirm with . or Enter, or press ? or * to list all spells.
Aiming: Stone Arrow (safe; 1% risk of failure)
Press: ? - help, Shift-Dir - straight line, f/p - two-headed ogre
Aim: a two-headed ogre, wielding two +0 giant clubs (severely wounded, 89% to hit)
The stone arrow hits the two-headed ogre!
The two-headed ogre is almost dead.
The two-headed ogre hits you with a +0 giant club!!
You die...
Your body crumbles into a pile of gold.

#########.......#
.......<........######
.....................#
.....................#
.....................#
#+##+####............#
.).....#............#
.......#####........#
......O@...#........#
...........#........####
...........#............
...........'.........<..
...........#........####
...........#........#
############........#
....................####
.........###'##.........


You could see a two-headed ogre.

Vanquished Creatures
  An ogre mage (D:11)
  Pikel (D:9)
  A cyclops (D:11)
  A centaur zombie (D:11)
  An unseen horror (D:11)
  A hornet (D:9)
  4 shadows
  A spriggan (D:7)
  15 yaks
  A wyvern (D:10)
  2 steam dragons
  A water moccasin (D:8)
  2 orc warriors
  An ice beast (D:8)
  A black bear (D:7)
  2 ogres
  A centaur (D:9)
  A phantom (D:5)
  A kobold brigand (D:9)
  2 bullfrogs
  3 gnoll sergeants
  2 scorpions
  12 killer bees (D:9)
  3 howler monkeys (D:7)
  3 hounds
  7 orc priests
  2 jellies
  A gnoll bouda (D:9)
  Crazy Yiuf (D:7)
  5 iguanas
  8 orc wizards
  19 gnolls
  10 adders
  A shadow imp (D:6)
  An ufetubus (D:5)
  4 worms
  2 dart slugs (D:4)
  28 orcs
  6 ball pythons
  10 endoplasms
  5 giant cockroaches
  8 goblins
  5 hobgoblins
  9 jackals
  12 kobolds
  4 quokkas (D:1)
  10 bats
  3 frilled lizards
  3 rats
228 creatures vanquished.

Vanquished Creatures (others)
  2 fungi (D:1)
  2 plants (D:1)
  A withered plant (D:11)
5 creatures vanquished.

Grand Total: 233 creatures vanquished

Notes
Turn   | Place    | Note
-------+----------+-------------------------------------------
     0 | D:1      | Crownlay the Gargoyle Earth Elementalist began the quest
                  | for the Orb.
     0 | D:1      | Reached XP level 1. HP: 10/10 MP: 3/3
    68 | D:1      | Reached skill level 4 in Earth Magic
    96 | D:1      | Reached XP level 2. HP: 10/15 MP: 1/5
   292 | D:1      | Found Jidyoh's Book Emporium.
   464 | D:1      | Reached XP level 3. HP: 12/19 MP: 0/6
   466 | D:1      | Reached skill level 5 in Earth Magic
   781 | D:1      | Found a faded altar of an unknown god.
   913 | D:1      | Learned a level 3 spell: Stone Arrow
  1114 | D:2      | Reached XP level 4. HP: 24/24 MP: 0/7
  1233 | D:2      | Reached skill level 6 in Earth Magic
  1871 | D:3      | Found an opulent altar of Gozag.
  1900 | D:3      | Became a worshipper of Gozag Ym Sagoz the Greedy
  2087 | D:3      | Reached XP level 5. HP: 28/28 MP: 5/8
  2175 | D:3      | Reached skill level 7 in Earth Magic
  2694 | D:4      | Reached skill level 8 in Earth Magic
  2694 | D:4      | Reached XP level 6. HP: 32/32 MP: 5/9
  3182 | D:4      | Found a staircase to the Ecumenical Temple.
  3822 | D:5      | Entered Level 5 of the Dungeon
  3837 | D:5      | Reached XP level 7. HP: 36/36 MP: 7/11
  3950 | D:5      | Reached skill level 9 in Earth Magic
  4252 | D:5      | Reached skill level 1 in Conjurations
  4356 | D:5      | Reached skill level 1 in Summonings
  4599 | D:6      | Reached XP level 8. HP: 41/41 MP: 11/14
  5606 | D:7      | Found Xouri Jisua's Antique Weapon Shoppe.
  5886 | D:7      | Noticed a spriggan hatter
  5887 | D:7      | Killed a spriggan hatter
  5888 | D:7      | Reached skill level 5 in Spellcasting
  5888 | D:7      | Reached skill level 10 in Earth Magic
  6080 | D:7      | Found Hiheibb's Jewellery Emporium.
  6264 | D:7      | Found Zeus's Dragon-Slaying Spoils.
  6487 | D:7      | Reached skill level 1 in Fighting
  6493 | D:7      | Reached XP level 9. HP: 48/48 MP: 9/17
  6569 | D:7      | Found a shimmering blue altar of Sif Muna.
  6804 | D:7      | Found a runed translucent door.
  6805 | D:7      | Noticed Crazy Yiuf
  6809 | D:7      | Killed Crazy Yiuf
  7215 | D:8      | Found a glowing silver altar of Zin.
  7551 | D:8      | Found an iron altar of Okawaru.
  8284 | D:9      | Reached XP level 10. HP: 56/56 MP: 17/20
  8294 | D:8      | Reached skill level 5 in Conjurations
  8338 | D:9      | Noticed Pikel
  8385 | D:9      | Reached skill level 11 in Earth Magic
  8844 | D:9      | Killed Pikel
  9144 | D:9      | Found a staircase to the Lair.
  9345 | D:9      | Found a snail-covered altar of Cheibriados.
  9585 | D:10     | Entered Level 10 of the Dungeon
  9666 | D:10     | Found a staircase to the Orcish Mines.
  9979 | D:10     | Reached skill level 12 in Earth Magic
 10258 | D:11     | Noticed an ogre mage
 10261 | D:11     | Reached XP level 11. HP: 61/61 MP: 16/24
 10263 | D:11     | Noticed a centaur warrior
 10415 | D:11     | Noticed a cyclops
 10418 | D:11     | Killed a cyclops
 10419 | D:11     | Reached skill level 10 in Spellcasting
 10457 | D:11     | You fall into a shaft and drop 1 floor!
 10472 | D:11     | Reached skill level 5 in Fighting
 10605 | D:11     | Noticed a cyclops
 10647 | D:11     | Killed an ogre mage
 10734 | D:11     | Noticed a two-headed ogre
 10741 | D:11     | Slain by a two-headed ogre

Illustrated notes

Levels and vault maps discovered:
D:1:      dpeg_arrival_pits, layout_basic,
          shapermc_ecumenical_altar_mp_urbaneastern, serial_shops, shop
D:2:      layout_basic, minmay_ruptured
D:3:      layout_rooms, mainiacjoe_overflow_catwalk, minivault_11,
          serial_bayou_pond_a, dreamdust_wishing_well, guppyfry_early_lair_pool
D:4:      layout_layer_cave, temple_pool_b, nicolae_half_adder
D:5:      layout_rooms
D:6:      layout_cave_pods, nicolae_benzene_ring
D:7:      layout_basic, general_overflow_altar, serial_shops,
          nicolae_stop_n_shop_1, nicolae_shop_hallway_plus,
          nicolae_shop_dragon_depot, the_hattery, uniq_crazy_yiuf_cottage
D:8:      layout_basic, mainiacjoe_overflow_paths,
          mainiacjoe_overflow_six_doors_small
D:9:      layout_gridville, cheibriados_altar_1, lair_entry_dummy,
          kb_lookout_dungeons_type, uniq_pikel
D:10:     layout_rooms, lemuel_flamethrower_1
D:11:     layout_irregular_city, serial_undead, serial_undead_a,
          serial_undead_a, serial_undead_f, serial_undead_c,
          chequers_serial_rivers_room_a, kb_rosetta
D:12:     layout_rooms, nicolae_gozag_zags_fifth_avenue, uniq_frances

Skill      XL: |  1  2  3  4  5  6  7  8  9 10 11 |
---------------+----------------------------------+-----
Earth Magic    | 4 5 6 8 9 10 12 | 12.0
Spellcasting   | 3 4 5 7 9 10 | 10.0
Conjurations   | 1 3 4 6 |  6.0
Summonings     | 1 2 4 |  4.9
Fighting       | 1 3 4 6 |  6.4
Dodging        | |  1.5
Stealth        | |  2.1
Transmutations | |  0.7

Action                     |  1- 3 |  4- 6 |  7- 9 | 10-12 || total
---------------------------+-------+-------+-------+-------++-------
  Melee: Unarmed           |     7 |       |       |       ||     7
         Dagger            |    17 |       |       |       ||    17
         Halberd           |       |     2 |     9 |       ||    11
         Spear             |       |       |     2 |       ||     2
   Cast: Sandblast         |    50 |    85 |   143 |   139 ||   417
         Stone Arrow       |       |       |    14 |    11 ||    25
    Use: Scroll            |       |    10 |     4 |     3 ||    17
         Potion            |       |       |     2 |       ||     2
 Armour: Robe              |    22 |     3 |    34 |    55 ||   114
  Dodge: Dodged            |    45 |    12 |    48 |    67 ||   172

Table legend: (Time is in decaauts)
 A = Elapsed time spent in this place.
 B = Non-inter-level travel time spent in this place.
 C = Inter-level travel time spent in this place.
 D = Time resting spent in this place.
 E = Time spent auto-exploring this place.
 F = Levels seen in this place.
 G = Mean time per level.
                   A        B        C        D        E       F      G
               +--------+--------+--------+--------+--------+-----+--------+
         Total |  10963 |  10528 |    435 |      0 |   9018 |  12 |  913.6 |
       Dungeon |  10963 |  10528 |    435 |      0 |   9018 |  12 |  913.6 |
               +--------+--------+--------+--------+--------+-----+--------+

Top non-repeatable levels by time:
     D:7: 1529 daAuts
     D:8: 1440 daAuts
     D:4: 1316 daAuts
     D:9: 1092 daAuts
     D:6: 1030 daAuts
     D:1: 955 daAuts
     D:3: 815 daAuts
     D:2: 804 daAuts
     D:5: 786 daAuts
    D:10: 776 daAuts
    D:11: 410 daAuts
    D:12: 5 daAuts
